AoeStats
← So sad

MegaRandom

507103686Analyzed
3v3 RM · 15d ago on Sep 16, 2026· 55m 8s· 6 players
Game mode
Random Map
Map size
Normal (6 player)
Population
200
Speed
Normal
Resources
Standard
Victory
Conquest
Starting age
Dark Age
Ending age
Imperial Age
RankedLock teamsTeams togetherTeam positionsShared explorationLock speedFull tech treeHidden civsTurbo modeCheats
Victory
Defeat
🇮🇱 Mongols · Israel
1514
+10
🇨🇦 Tatars · Canada
1493
+11
🇧🇷 Wei · Brazil
1373
+16
🇧🇾 Georgians · Belarus
1393
-13
🇺🇦 Britons · Ukraine
1393
-13
🇧🇾 Turks · Belarus
1356
-11
Wavelogic
10:08 Feudal Age
10:33 Loom
10:49 Double-Bit Axe
16:00 Fletching
17:13 Padded Archer Armor
22:55 Castle Age
21:02 Gold Mining
22:48 Bloodlines
23:04 Crossbowman
23:38 Horse Collar
24:26 Bodkin Arrow
30:54 Bow Saw
32:34 Wheelbarrow
31:44 Town Watch
33:09 Town Watch
33:54 Leather Archer Armor
36:29 Imperial Age
34:59 Husbandry
36:10 Hand Cart
37:34 Bracer
37:58 Stone Mining
38:48 Light Cavalry
41:44 Heavy Plow
42:26 Gold Shaft Mining
42:26 Stone Shaft Mining
43:24 Scale Barding Armor
44:03 Conscription
46:30 Elite Mangudai
47:33 Drill
48:12 Hoardings
49:01 Ballistics
48:20 Capped Ram
49:31 Leather Archer Armor
49:28 Forging
50:27 Chain Barding Armor
49:32 Siege Ram
51:35 Chemistry
50:46 Masonry
54:50 Siege Engineers
Mycorrhizal
9:34 Feudal Age
10:12 Double-Bit Axe
12:17 Loom
17:19 Fletching
26:05 Castle Age
27:02 Medium Warships
26:48 Bodkin Arrow
26:37 Demolition Ship
32:01 Imperial Age
30:02 Padded Archer Armor
31:28 Bow Saw
31:57 Wheelbarrow
31:36 Town Watch
32:45 Ballistics
36:39 Bracer
36:40 Horse Collar
37:45 Hand Cart
38:31 Medium Warships
39:18 Onager
40:28 Heavy Plow
41:11 Heavy Warships
42:12 Crop Rotation
41:16 Demolition Ship
42:04 Heavy Cavalry Archer
43:35 Timurid Siegecraft
43:51 Conscription
44:34 Gold Mining
45:47 Leather Archer Armor
46:42 Bloodlines
46:32 Husbandry
48:13 Guilds
49:25 Ring Archer Armor
48:59 Silk Armor
50:53 Gold Shaft Mining
SirT_Maji
1:47 Loom
3:32 Loom
11:25 Feudal Age
12:23 Double-Bit Axe
21:29 Castle Age
20:38 Bloodlines
21:26 Horse Collar
21:39 Gold Mining
22:27 Scale Barding Armor
25:42 Husbandry
32:05 Heavy Plow
32:41 Town Watch
36:03 Imperial Age
36:34 Chain Barding Armor
37:12 Wheelbarrow
37:20 Forging
36:36 Heavy Hei Guang Cavalry
39:09 Medium Warships
38:51 Fletching
39:02 Padded Archer Armor
41:18 Iron Casting
43:34 Blast Furnace
42:54 Stone Mining
43:35 Caravan
46:06 Ming Guang Armor
46:21 Bodkin Arrow
49:48 Chemistry
49:09 Ballistics
48:52 Bracer
50:23 Elite Tiger Cavalry
53:13 Leather Archer Armor
54:42 Conscription
54:26 Tuntian
NiL
7:15 Loom
9:44 Feudal Age
10:42 Double-Bit Axe
15:05 Forging
16:41 Fletching
19:21 Fishing Lines
23:09 Castle Age
24:02 Medium Warships
23:59 Bodkin Arrow
27:49 Wheelbarrow
27:00 Town Watch
30:10 Ballistics
31:48 Hand Cart
35:49 Horse Collar
40:28 Imperial Age
38:31 Padded Archer Armor
41:33 Conscription
41:16 Bracer
42:26 Chemistry
42:57 Gold Mining
43:43 Leather Archer Armor
43:17 Treadmill Crane
44:23 Yeomen
45:40 Heavy Warships
46:02 Elite Longbowman
48:17 Gold Shaft Mining
48:39 Hoardings
51:14 Scale Mail Armor
51:49 Iron Casting
51:18 Gambesons
51:33 Squires
52:05 Ring Archer Armor
51:23 Pikeman
52:13 Warwolf
52:20 Halberdier
53:46 Chain Mail Armor
54:32 Blast Furnace
53:26 Elite Skirmisher
HURMA
6:57 Loom
12:09 Feudal Age
13:12 Double-Bit Axe
13:47 Fishing Lines
17:39 Castle Age
16:56 Padded Archer Armor
18:18 Fletching
19:27 Bow Saw
18:54 Elite Skirmisher
20:57 Gillnets
26:30 Stone Mining
27:11 Stone Mining
27:20 Pikeman
30:55 Wheelbarrow
34:31 Imperial Age
34:11 Stone Shaft Mining
33:27 Gold Mining
35:35 Ballistics
35:39 Clinker Construction
35:54 Bodkin Arrow
36:14 Leather Archer Armor
37:06 Conscription
37:05 Bracer
38:26 Chemistry
38:04 Masonry
39:39 Siege Engineers
39:23 Elite Monaspa
43:04 Hand Cart
43:15 Treadmill Crane
44:07 Scale Barding Armor
44:12 Forging
44:28 Masonry
44:44 Hand Cart
44:15 Town Watch
45:08 Chain Barding Armor
45:33 Iron Casting
47:12 Plate Barding Armor
47:37 Blast Furnace
47:48 Blast Furnace
49:25 Scale Mail Armor
50:35 Bloodlines
50:25 Husbandry
51:47 Hoardings
51:47 Architecture
51:29 Light Cavalry
52:28 Sappers
53:05 Aznauri Cavalry
53:08 Svan Towers
53:05 Guard Tower
53:01 Arrowslits
53:12 Murder Holes
So sad
11:18 Feudal Age
11:47 Town Watch
12:25 Loom
15:10 Scale Barding Armor
22:12 Castle Age
21:47 Bloodlines
51:50 Fletching
Connection lost

Rejoining the realm…

Still unreachable

The connection could not be restored.

Session expired

The server has moved on; the page needs a fresh start.